 Dungeon Crawl Stone Soup version 0.19.4-8-ga85b6b9 (webtiles) character file.

1994 doot the Thaumaturge (level 9, -3/48 HPs)
             Began as a Deep Elf Wizard on Feb 14, 2017.
             Was a Believer of Vehumet.
             Slain by an ogre
             ... wielding a +0 giant club
              (11 damage)
             ... on level 7 of the Dungeon.
             The game lasted 00:38:51 (7827 turns).

doot the Thaumaturge (Deep Elf Wizard)              Turns: 7827, Time: 00:38:52

Health: -3/48      AC:  5    Str:  0 (4)  XL:     9   Next: 1%
Magic:  18/36      EV: 13    Int: 25 (27) God:    Vehumet [**....]
Gold:   238        SH:  0    Dex: 13      Spells: 10 memorised, 5 levels left

rFire  . . .     SeeInvis .     n - +3 short sword (venom)
rCold  + . .     Gourm    +     a - +0 robe
rNeg   . . .     Faith    .     (no shield)
rPois  .         Spirit   .     b - +1 hat
rElec  .         Reflect  .     (no cloak)
rCorr  .         Harm     .     s - +0 pair of gloves
MR     .....     Rnd*Rage +     r - +0 pair of boots
Stlth  ++........               h - amulet of the gourmand
                                (no ring)
                                m - ring of magical power

@: slowed, lost strength, very slow
A: beak, hooves 1, berserk 1, cold resistance 1, deterioration 1
a: Renounce Religion


You were on level 7 of the Dungeon.
You worshipped Vehumet.
Vehumet was pleased with you.
You were not hungry.

You visited 1 branch of the dungeon, and saw 7 of its levels.
You also visited: Ossuary.

You collected 238 gold pieces.

Inventory:

Hand Weapons
 e - a +0 dagger
 l - a +0 whip
 n - a +3 short sword of venom (weapon)
 B - a +0 fustibalus
 F - a +3 battleaxe
Missiles
 v - 6 poisoned needles
Armour
 a - a +0 robe (worn)
 b - a +1 hat (worn)
 r - a +0 pair of boots (worn)
 s - a +0 pair of gloves (worn)
 t - a +0 helmet
Jewellery
 h - an amulet of the gourmand (around neck)
 m - a ring of magical power (left hand)
 C - an uncursed ring of ice
Wands
 H - a wand of flame (16/48)
Scrolls
 f - 6 scrolls of identify
 i - 5 scrolls of enchant armour
 j - a scroll of acquirement {unknown}
 p - a scroll of magic mapping
 u - a scroll of teleportation
 z - 2 scrolls of remove curse {unknown}
 D - 2 scrolls of vulnerability {unknown}
Books
 c - a book of Minor Magic

   Spells                             Type                      Level
   a - Magic Dart                     Conjuration                  1
   b - Blink                          Translocation                2
   c - Call Imp                       Summoning                    2
   d - Repel Missiles                 Charms/Air                   2
   e - Slow                           Hexes                        2
   f - Conjure Flame                  Conjuration/Fire             3
   g - Mephitic Cloud                 Conjuration/Poison/Air       3
 G - a book of Necromancy

   Spells                             Type                      Level
   a - Pain                           Necromancy                   1
   b - Animate Skeleton               Necromancy                   1
   c - Vampiric Draining              Necromancy                   3
   d - Regeneration                   Charms/Necromancy            3
   e - Animate Dead                   Necromancy                   4
   f - Control Undead                 Necromancy                   4
Comestibles
 d - 3 bread rations
 g - 4 meat rations
 k - 4 fruits


   Skills:
 + Level 1.9 Fighting
 + Level 3.3 Short Blades
 + Level 3.6 Dodging
 + Level 3.5 Stealth
 * Level 12.1 Spellcasting
 + Level 4.1 Conjurations
 + Level 3.2 Summonings
 + Level 2.3 Translocations
 + Level 0.4 Air Magic


You had 5 spell levels left.
You knew the following spells:

 Your Spells              Type           Power        Failure   Level  Hunger
a - Magic Dart            Conj           ####         1%          1    None
b - Blink                 Tloc           N/A          2%          2    None
c - Call Imp              Summ           ####....     1%          2    None
d - Mephitic Cloud        Conj/Pois/Air  ###.....     8%          3    None
e - Slow                  Hex            ###.....     8%          2    None
f - Conjure Flame         Conj/Fire      ####....     6%          3    None
g - Dazzling Spray        Conj/Hex       ####..       6%          3    None
h - Animate Dead          Necr           N/A          38%         4    None
i - Control Undead        Necr           ###.......   38%         4    None
j - Regeneration          Chrm/Necr      ###.......   12%         3    None


Dungeon Overview and Level Annotations

Branches:
Dungeon (7/15)
 Temple: D:4-7

Altars:
Ashenzari
Dithmenos
Fedhas
Kikubaaqudgha
Okawaru
Vehumet
Xom
Yredelemnul
Zin
The Shining One

Annotations:
D:5 Grinder


Innate Abilities, Weirdness & Mutations

You have a beak for a mouth.
You have large cloven feet.
You tend to lose your temper in combat.
Your flesh is cold resistant. (rC+)
Your body sometimes deteriorates upon taking damage.


Message History

Aiming: Conjure Flame
Press: ? - help, Dir - move target cursor The fire roars!
Casting: Conjure Flame
Confirm with . or Enter, or press ? or * to list all spells.
Aiming: Mephitic Cloud
Press: ? - help, Shift-Dir - straight line, f - ogre
Aim: an ogre, wielding a giant club The ball explodes into a vile cloud!
The stinking cloud engulfs the ogre.
You hear a shout! x2
The ogre is engulfed in noxious fumes.
The ogre is engulfed in noxious fumes.
The ogre appears confused.
You hit the ogre. You peck the ogre.
The ogre is moderately wounded.
The ogre completely misses you.
You hit the ogre. You peck the ogre, but do no damage.
The ogre is moderately wounded.
The ogre ponders the situation.
The ogre hits you with a giant club!
You die...

.................
.....###'#######
.....# #.# .....#
#.# .....# #.#
.....# #.# .....#
#.# .....#
#.##########
...(.###.##.ยง.WO@.#
...(...#.##.#####.#
######.#W##.# .#
.#..WO# .# ###### .#
##


You could see a phantom and an ogre (confused).

Vanquished Creatures
  2 sky beasts
  2 black bears
  A centaur (D:7)
  A phantom (D:4)
  An ogre (D:5)
  4 bullfrogs
  A wyvern zombie (D:6)
  2 scorpions
  A water moccasin skeleton (D:6)
  A wight (D:5)
  A howler monkey (D:6)
  A crimson imp (D:6)
  2 centaur zombies (Ossuary)
  A bullfrog zombie (D:3)
  A jelly (D:7)
  An orc priest (D:6)
  3 mummies (Ossuary)
  3 hounds
  A bullfrog skeleton (D:5)
  4 worker ants
  2 hound zombies (D:6)
  A hound skeleton (D:7)
  3 gnolls (D:5)
  8 adders
  An adder skeleton (D:7)
  3 worms
  3 dart slugs
  2 leopard geckos (D:3)
  6 orcs
  2 gnoll zombies (D:5)
  16 hobgoblins
  14 jackals
  2 quokkas (D:5)
  A ball python (D:3)
  6 bats
  2 frilled lizards
  8 goblins
  11 kobolds
  7 rats
132 creatures vanquished.

Vanquished Creatures (collateral kills)
  3 ogres
  A hound (D:4)
  A worker ant (D:4)
  A mummy (Ossuary)
  A howler monkey zombie (D:5)
  An ooze (D:6)
  An adder zombie (Ossuary)
  A leopard gecko (D:1)
  2 orcs (D:6)
  2 giant cockroaches (D:1)
  A goblin (D:1)
  A hobgoblin (D:1)
  3 jackals (D:1)
  2 kobolds (D:1)
21 creatures vanquished.

Vanquished Creatures (others)
  2 withered plants (Ossuary)
2 creatures vanquished.

Grand Total: 155 creatures vanquished

Notes
Turn   | Place    | Note
-------+----------+-------------------------------------------
     0 | D:1      | doot the Deep Elf Wizard began the quest for the Orb.
     0 | D:1      | Reached XP level 1. HP: 10/10 MP: 7/7
   121 | D:1      | Reached skill level 5 in Spellcasting
   121 | D:1      | Reached XP level 2. HP: 15/15 MP: 2/10
   125 | D:1      | Learned a level 2 spell: Blink
   128 | D:1      | Learned a level 2 spell: Call Imp
   885 | D:1      | Reached XP level 3. HP: 19/19 MP: 8/12
   896 | D:1      | Learned a level 3 spell: Mephitic Cloud
  1275 | D:2      | Found a glowing silver altar of Zin.
  1366 | D:2      | Reached skill level 6 in Spellcasting
  1595 | D:2      | Found a radiant altar of Vehumet.
  1599 | D:2      | Found an ancient bone altar of Kikubaaqudgha.
  1604 | D:2      | Found an iron altar of Okawaru.
  1666 | D:2      | Became a worshipper of Vehumet
  1729 | D:2      | Reached XP level 4. HP: 24/24 MP: 8/14
  2378 | D:3      | Noticed a bullfrog
  2391 | D:3      | Killed a bullfrog
  2391 | D:3      | Reached skill level 7 in Spellcasting
  2391 | D:3      | Reached XP level 5. HP: 28/28 MP: 8/16
  2393 | D:3      | Reached skill level 1 in Short Blades
  3159 | D:4      | Found a sand-covered staircase.
  3168 | Ossuary  | Entered an ossuary
  3181 | Ossuary  | Learned a level 2 spell: Slow
  3185 | Ossuary  | Learned a level 3 spell: Conjure Flame
  3252 | Ossuary  | Reached skill level 1 in Fighting
  3252 | Ossuary  | Reached XP level 6. HP: 14/34 MP: 16/18
  3645 | D:4      | Reached * piety under Vehumet
  3645 | D:4      | Offered knowledge of Freeze by Vehumet.
  3724 | D:4      | Reached skill level 8 in Spellcasting
  3730 | D:4      | Found a blossoming altar of Fedhas.
  3811 | D:4      | Found a glowing golden altar of the Shining One.
  3834 | D:4      | Found a shattered altar of Ashenzari.
  3905 | D:4      | Reached XP level 7. HP: 29/38 MP: 18/21
  4123 | D:4      | Found a shimmering altar of Xom.
  4174 | D:4      | Reached skill level 9 in Spellcasting
  4289 | D:5      | Entered Level 5 of the Dungeon
  4319 | D:5      | Noticed Grinder
  4359 | D:5      | Offered knowledge of Flame Tongue by Vehumet.
  4443 | D:5      | Found a shadowy altar of Dithmenos.
  4499 | D:5      | Reached ** piety under Vehumet
  4600 | D:5      | Found a basalt altar of Yredelemnul.
  4952 | D:6      | Reached skill level 10 in Spellcasting
  4952 | D:6      | Reached XP level 8. HP: 27/43 MP: 24/24
  5750 | D:6      | Found a radiant altar of Vehumet.
  5800 | D:6      | Gained mutation: You have large cloven feet. [mutagenic meat]
  5801 | D:6      | Gained mutation: Your body sometimes deteriorates upon taking damage. [mutagenic meat]
  5802 | D:6      | Gained mutation: You tend to lose your temper in combat. [mutagenic meat]
  5803 | D:6      | Gained mutation: Your flesh is cold resistant. (rC+) [mutagenic meat]
  5980 | D:6      | Reached skill level 11 in Spellcasting
  6021 | D:6      | HP: 2/66 [wyvern zombie (5)]
  6397 | D:6      | Offered knowledge of Dazzling Spray by Vehumet.
  6403 | D:6      | Learned a level 3 spell: Dazzling Spray
  6408 | D:6      | Learned a level 4 spell: Animate Dead
  6413 | D:6      | Learned a level 4 spell: Control Undead
  6417 | D:6      | Learned a level 3 spell: Regeneration
  7071 | D:7      | Lost strength.
  7079 | D:7      | Gained mutation: You have a beak for a mouth. [mutagenic meat]
  7761 | D:7      | Reached skill level 12 in Spellcasting
  7783 | D:7      | Reached XP level 9. HP: 21/48 MP: 19/27
  7827 | D:7      | Slain by an ogre

Skill      XL: |  1  2  3  4  5  6  7  8 |
---------------+-------------------------+-----
Spellcasting   | 5 6 7 8 10 12 | 12.1
Conjurations   | 2 3 4 |  4.1
Short Blades   | 1 2 3 |  3.3
Fighting       | 1 |  1.9
Dodging        | 3 |  3.6
Summonings     | 2 3 |  3.2
Stealth        | 3 |  3.5
Translocations | 2 |  2.3
Air Magic      | |  0.4

Action                   |  1- 3 |  4- 6 |  7- 9 || total
-------------------------+-------+-------+-------++-------
Melee: Dagger            |    21 |       |       ||    21
       Short sword       |    13 |    86 |   105 ||   204
       Peck              |       |       |     6 ||     6
 Cast: Magic Dart        |    97 |    95 |   161 ||   353
       Call Imp          |     4 |    16 |    19 ||    39
       Mephitic Cloud    |     1 |     1 |    17 ||    19
       Blink             |       |     6 |    18 ||    24
       Conjure Flame     |       |       |     4 ||     4
  Use: Scroll            |       |     6 |     2 ||     8
       Potion            |       |     1 |    10 ||    11
 Stab: Confused          |     1 |     1 |     2 ||     4
       Distracted        |       |       |     1 ||     1
       Sleeping          |       |       |     1 ||     1
  Eat: Chunk             |     2 |     7 |    17 ||    26
       Beef jerky        |       |     1 |       ||     1
       Fruit             |       |       |     2 ||     2
Armor: Robe              |    12 |    20 |    26 ||    58
       Skin              |       |       |     6 ||     6
Dodge: Dodged            |    30 |    60 |    67 ||   157
